 Dungeon Crawl Stone Soup version 0.25-a0-578-gc91f01c39c (webtiles) character file.

Game seed: 8528414349965378037, levelgen mode: deterministic

38 MisterFreud the Skirmisher (level 3, 0/29 HPs)
             Began as a Formicid Artificer on Mar 3, 2020.
             Succumbed to an adder's poison
             ... on level 2 of the Dungeon.
             The game lasted 00:02:33 (2158 turns).

MisterFreud the Skirmisher (Formicid Artificer)     Turns: 2158, Time: 00:02:34

Health: 0/29       AC:  3    Str: 17    XL:     3   Next: 65%
Magic:  5/5        EV: 10    Int: 10    God:
Gold:   55         SH:  4    Dex: 11    Spells: 2/2 levels left

rFire    . . .     SeeInvis +   n - +0 rapier
rCold    . . .     Gourm    .   k - +1 buckler
rNeg     . . .     Faith    .   b - +0 leather armour
rPois    .         Spirit   .   (helmet unavailable)
rElec    .         Reflect  .   (no cloak)
rCorr    .         Harm     .   (no gloves)
MR       .....                  (no boots)
Stlth    +.........             (no amulet)
HPRegen  0.09/turn              (no ring)
MPRegen  0.09/turn              (no ring)

@: lethally poisoned (0 -> -11), heavily drained
A: permanent stasis, dig shafts and tunnels, four strong arms, antennae 3
a: Dig, Shaft Self


You were on level 2 of the Dungeon.
You were not hungry.

You visited 1 branch of the dungeon, and saw 2 of its levels.

You collected 55 gold pieces.

Inventory:

Hand Weapons
 a - a +0 short sword
 j - a +2 dagger of speed
 n - a +0 rapier (weapon)
Missiles
 g - 29 stones (quivered)
 o - 21 arrows
Armour
 b - a +0 leather armour (worn)
 k - a +1 buckler (worn)
Wands
 c - a wand of flame (15)
 d - a wand of enslavement (15)
 e - a wand of random effects (15)
Scrolls
 h - a scroll of amnesia
Comestibles
 f - 2 rations


   Skills:
 * Level 3.5(2.3) Fighting
 - Level 1.0(0.0) Short Blades
 - Level 1.7(0.6) Dodging
 - Level 1.2(0.1) Stealth
 + Level 0.4(0.0) Shields
 - Level 3.2(2.1) Evocations


You had 2 spell levels left.
You didn't know any spells.
Your spell library was empty.

Dungeon Overview and Level Annotations

Branches:
Dungeon (2/15)

Altars:


Innate Abilities, Weirdness & Mutations

You cannot be hasted, slowed, berserked, paralysed or teleported.
You can dig through walls and to a lower floor.
Your four strong arms can wield two-handed weapons with a shield.
You have a pair of large antennae on your head. (SInv)


Message History

The adder is almost dead.
You feel sick. You block the adder's attack. The adder bites you.
* * * LOW HITPOINT WARNING * * *
You hit the adder.
You kill the adder!
* * * LOW HITPOINT WARNING * * *
You feel sick.
* * * LOW HITPOINT WARNING * * *
You feel sick.
You see here an adder corpse.
You feel magically purged.
* * * LOW HITPOINT WARNING * * *
You feel sick.
Unknown command.
* * * LOW HITPOINT WARNING * * *
You feel sick.
* * * LOW HITPOINT WARNING * * *
You feel sick.
You see here 13 gold pieces.
You die...

##....# *,* *,* #....####
*,* *,* ##.......# *,* *,*
.........# *,* *,*
.........#*******,* *,*
.........+,,,,,,,,* *,*
.........#********* *,#
.........############.#
##.#.....##.....@$.†..#
#.#.>...##.###########*
#.#.....+..#,,,,,,,,,,***
##.#.....##.#,******,,,,,**
...#..###...#,*,,,,,,*,*,,*
##.#..#.....#,*,***,*,*,*,**
###..#.......#,**,*,,,*,,,*
#..#......<#,*,*,,,,,*,,*
#............,,*,≈≈≈,*,,*


There were no monsters in sight!

Vanquished Creatures
  An adder (D:2)
  2 dart slugs
  2 leopard geckos (D:1)
  2 bats (D:1)
  2 giant cockroaches (D:1)
  4 goblins
  2 hobgoblins (D:1)
  2 kobolds (D:1)
  2 frilled lizards (D:1)
  2 rats (D:1)
21 creatures vanquished.

Notes
Turn   | Place    | Note
-------+----------+-------------------------------------------
     0 | D:1      | MisterFreud the Formicid Artificer began the quest for the
                  | Orb.
     0 | D:1      | Reached XP level 1. HP: 15/15 MP: 3/3
   238 | D:1      | Reached XP level 2. HP: 21/22 MP: 4/4
  1240 | D:1      | Reached XP level 3. HP: 21/29 MP: 5/5
  2157 | D:2      | HP: 1/29 [poisoned by an adder]
  2158 | D:2      | Succumbed to an adder's poison

Levels and vault maps discovered:
D:1:      dpeg_arrival_circle_labyrinth_c, layout_loops_corners
D:2:      layout_basic, nicolae_ru_awakened_eye

Skill      XL: |  1  2 |
---------------+-------+-----
Fighting       | 2 3 |  3.5
Short Blades   | |  1.0
Dodging        | |  1.7
Stealth        | |  1.2
Shields        | |  0.4
Evocations     | |  3.2

Action                   || total
-------------------------++-------
Melee: Short sword       ||   109
       Dagger            ||     7
       Rapier            ||     7
  Use: Scroll            ||     5
       Potion            ||     1
  Eat: Chunk             ||     4
Armor: Leather armour    ||    29
Dodge: Dodged            ||    61
Block: Buckler           ||     1

Table legend:
 A = Non-vault XP
 B = Vault XP
 C = Vault XP percentage of total XP
 D = Non-vault monster count
 E = Vault monster count
 F = Vault count percentage of total count
                 A         B        C        D         E       F
            +---------+---------+-------+---------+---------+-------
      Total |      55 |       0 |   0.0 |      21 |       0 |   0.0
            +---------+---------+-------+---------+---------+-------
        D:1 |      36 |       0 |   0.0 |      18 |       0 |   0.0
        D:2 |      19 |       0 |   0.0 |       3 |       0 |   0.0
            +---------+---------+-------+---------+---------+-------
